 Dungeon Crawl Stone Soup version 0.22-a0-362-g535178c (webtiles) character file.

4112 Amnesiac the Nimble (level 10, -1/79 HPs)
             Began as a Mummy Wizard on Apr 21, 2018.
             Was a Priest of Kikubaaqudgha.
             Slain by a wight
             ... wielding a cursed +5 long sword
              (7 damage)
             ... on level 11 of the Dungeon.
             The game lasted 00:16:18 (10461 turns).

Amnesiac the Nimble (Mummy Wizard)                 Turns: 10461, Time: 00:16:19

Health: -1/79      AC:  7    Str: 10    XL:     10   Next: 6%
Magic:  13/16      EV: 16    Int: 22    God:    Kikubaaqudgha [***...]
Gold:   289        SH:  0    Dex: 10    Spells: 6/17 levels left

rFire    x . .     SeeInvis .   b - +9 staff of Olgreb {rPois}
rCold    + . .     Gourm    .   (no shield)
rNeg     + + +     Faith    .   x - +0 robe (curse)
rPois    ∞         Spirit   .   (no helmet)
rElec    .         Reflect  .   k - +1 cloak
rCorr    +         Harm     .   w - +1 pair of gloves
MR       ++...                  j - +0 pair of boots
Stlth    ++........             (no amulet)
HPRegen  0.23/turn              e - ring of protection from magic
MPRegen  0.15/turn              t - ring of resist corrosion

@: no status effects
A: no food or potions, fire vulnerability, cold resistance 1, negative energy
resistance 3, torment resistance, unbreathing
a: Receive Corpses, Renounce Religion


You were on level 11 of the Dungeon.
You worshipped Kikubaaqudgha.
Kikubaaqudgha was most pleased with you.
You were not hungry.

You visited 1 branch of the dungeon, and saw 9 of its levels.
You also visited: Sewer.

You collected 289 gold pieces.

Inventory:

Hand Weapons
 a - a +2 hunting sling
 b - the +9 staff of Olgreb (weapon) {rPois}
   (You found it on level 5 of the Dungeon)

   It protects you from poison.
 o - the cursed +2 quarterstaff of the Valley of Death {venom, rPois rF+, unknown}
   (You found it on level 8 of the Dungeon)

   It poisons the flesh of those it strikes.
   It protects you from fire.
   It protects you from poison.
   It has a curse placed upon it.
Missiles
 i - 318 stones (quivered)
 m - 12 sling bullets
Armour
 j - a +0 pair of boots (worn)
 k - a +1 cloak (worn)
 w - a +1 pair of gloves (worn)
 x - a cursed +0 robe (worn)
Jewellery
 e - a ring of protection from magic (left hand)
 t - a ring of resist corrosion (right hand)
Wands
 n - a wand of paralysis (11)
 q - a wand of clouds (4)
 s - a wand of flame (41)
Scrolls
 c - a scroll of fog {!r}
 d - a scroll of immolation {!r}
 g - 4 scrolls of amnesia {!r}
 h - 5 scrolls of teleportation {!r}
 l - a scroll of noise {!r, unknown}
 p - a scroll of magic mapping {!r, unknown}
 u - a scroll of remove curse {!r}
 v - a scroll of identify {!r}


   Skills:
 + Level 7.4 Fighting
 * Level 9.2 Dodging
 - Level 1.5 Stealth
 - Level 4.0 Spellcasting
 - Level 4.0 Conjurations
 - Level 0.7 Summonings
 - Level 4.0 Necromancy
 - Level 0.7 Translocations


You had 6 spell levels left.
You knew the following spells:

 Your Spells              Type           Power        Failure   Level  Hunger
a - Magic Dart            Conj           ###.         2%          1    N/A
b - Call Imp              Summ           #.......     13%         2    N/A
e - Mephitic Cloud        Conj/Pois/Air  ###.....     19%         3    N/A
s - Conjure Flame         Conj/Fire      ##......     14%         3    N/A
v - Blink                 Tloc           N/A          13%         2    N/A

Dungeon Overview and Level Annotations

Branches:
Dungeon (8/15)             Temple (0/1) D:6
   Lair: D:8-11

Altars:
Cheibriados
Fedhas
Gozag
Kikubaaqudgha
Nemelex Xobeh
Okawaru
Qazlal
Ru
Sif Muna
Yredelemnul
Zin

Shops:
D:7 !


Innate Abilities, Weirdness & Mutations

You do not eat or drink.
Your flesh is vulnerable to fire.
You are immune to poison.
Your flesh is cold resistant. (rC+)
You are immune to negative energy. (rN+++)
You are immune to unholy pain and torment.
You can survive without breathing.


Message History

Unknown command.
Unknown command.
Unknown command.
Unknown command.
Unknown command.
Unknown command.
Unknown command.
Unknown command.
The two-headed ogre shouts in stereo!
You open the door.
A worker ant comes into view.
Something unseen opens the door.
There is an open door here.
The worker ant twitches its antennae in your direction.
You open the door. The two-headed ogre closely misses you.
The two-headed ogre hits you with a giant club!
There is an open door here.
Casting: Mephitic Cloud (safe; 19% risk of failure)
Confirm with . or Enter, or press ? or * to list all spells.
Aiming: Mephitic Cloud (safe; 19% risk of failure)
Press: ? - help, Shift-Dir - straight line, f - worker ant
Aim: a worker ant You feel a surge of power!
The ball explodes into a vile cloud!
The stinking cloud engulfs the worker ant.
The two-headed ogre hits you with a giant spiked club!
* * * LOW HITPOINT WARNING * * *
The two-headed ogre closely misses you.
The worker ant is engulfed in noxious fumes.
The worker ant appears confused.
Casting: Mephitic Cloud (safe; 19% risk of failure)
Confirm with . or Enter, or press ? or * to list all spells.
Aiming: Mephitic Cloud (safe; 19% risk of failure)
Press: ? - help, Shift-Dir - straight line, f - two-headed ogre
Aim: a two-headed ogre, wielding a giant spiked club and a giant club You feel a surge of power!
The ball explodes into a vile cloud!
The stinking cloud engulfs the two-headed ogre.
The stinking cloud engulfs you!
The two-headed ogre is engulfed in noxious fumes.
The two-headed ogre hits you with a giant spiked club!!
* * * LOW HITPOINT WARNING * * *
The two-headed ogre barely misses you.
The two-headed ogre is engulfed in noxious fumes.
The two-headed ogre is engulfed in noxious fumes.
Found 23 gold pieces and a scroll labeled AJI ADUKKEPHI.
You see here 23 gold pieces.
Casting: Mephitic Cloud (safe; 19% risk of failure)
Confirm with . or Enter, or press ? or * to list all spells.
You blink.
The two-headed ogre hits you with a giant spiked club!!
* * * LOW HITPOINT WARNING * * *
The two-headed ogre closely misses you.
You see here 23 gold pieces.
Okay, then.
There is an open door here.
A wight comes into view. It is wielding an enchanted long sword.
A wight comes into view. It is wielding an enchanted scimitar.
A wight comes into view.
It is wielding an enchanted short sword.
Really read
f - a scroll of fear {!r}?
As you read the scroll of fear {!r}, it crumbles to dust.
You assume a fearsome visage.
The two-headed ogre looks frightened!
The worker ant looks frightened!
The wight is unaffected. x3
The wight hits you with an enchanted long sword!
You die...
Kikubaaqudgha rasps: "You have failed me!
Welcome... oblivion!"

.....
#......#
#......######
...........#
..........#
....z.....#
..........#
'##z###z###
#@.a....#..#
#..........#
#O.........#
#..........#
##'##########
#....#....#
#....#....#
#...####..#
#...+ #..+


You could see a two-headed ogre (fleeing), a worker ant (fleeing) and 3 wights.

Vanquished Creatures
  4 hippogriffs
  Edmund (D:6)
  A water moccasin (D:5)
  2 soldier ants (D:5)
  An ice beast (D:6)
  Purgy (Sewer)
  2 sky beasts
  A black bear (D:6)
  A centaur (D:8)
  7 ogres
  A big kobold (D:7)
  3 bullfrogs
  6 killer bees (D:5)
  A wight (D:6)
  A bullfrog skeleton (D:7)
  2 hounds (D:4)
  A jelly (D:7)
  2 orc priests
  4 iguanas
  6 orc wizards
  Ijyb (D:5)
  11 worker ants
  18 adders
  4 gnolls (D:5)
  A howler monkey skeleton (D:8)
  A shadow imp (D:8)
  An ooze (D:5)
  An adder skeleton (D:6)
  3 worms
  A dart slug (D:1)
  A leopard gecko (D:8)
  24 orcs
  3 giant cockroaches
  2 gnoll zombies (D:3)
  11 goblins
  11 hobgoblins
  28 jackals
  4 quokkas
  A ball python skeleton (D:4)
  7 bats
  12 frilled lizards
  A jackal skeleton (D:5)
  13 kobolds
  A quokka skeleton (D:4)
  2 quokka zombies (D:5)
  11 rats
222 creatures vanquished.

Vanquished Creatures (collateral kills)
  The ghost of VDreamerV the Insei, a novice OpTm (D:4)
  The ghost of VDreamerV the Insei, a novice OpTm of Elyvilon (D:5)
  2 wights (D:6)
  A killer bee (D:5)
  An orc wizard (D:4)
  A worker ant (D:5)
  A leopard gecko (D:2)
8 creatures vanquished.

Grand Total: 230 creatures vanquished

Notes
Turn   | Place    | Note
-------+----------+-------------------------------------------
     0 | D:1      | Amnesiac the Mummy Wizard began the quest for the Orb.
     0 | D:1      | Reached XP level 1. HP: 13/13 MP: 5/5
    55 | D:1      | Reached skill level 1 in Conjurations
   262 | D:2      | Reached XP level 2. HP: 19/19 MP: 1/7
   418 | D:1      | Learned a level 2 spell: Call Imp
  1095 | D:1      | Reached XP level 3. HP: 24/24 MP: 8/8
  1451 | D:2      | Reached skill level 2 in Dodging
  1835 | D:2      | Reached XP level 4. HP: 13/31 MP: 5/10
  2115 | D:2      | Reached skill level 1 in Fighting
  2567 | D:2      | Found an ancient bone altar of Kikubaaqudgha.
  2682 | D:2      | Became a worshipper of Kikubaaqudgha
  2832 | D:3      | Found a glowing drain.
  2901 | Sewer    | Entered a sewer
  2914 | Sewer    | Learned a level 3 spell: Mephitic Cloud
  2972 | Sewer    | Learned a level 3 spell: Conjure Flame
  2997 | Sewer    | Noticed Purgy
  3398 | Sewer    | Killed Purgy
  3398 | Sewer    | Reached skill level 3 in Dodging
  3398 | Sewer    | Reached XP level 5. HP: 29/38 MP: 2/11
  3556 | D:3      | Found a basalt altar of Yredelemnul.
  3626 | D:3      | Found a snail-covered altar of Cheibriados.
  3626 | D:3      | Found a deep blue altar of Sif Muna.
  4104 | D:3      | Found a stormy altar of Qazlal.
  4104 | D:3      | Noticed a water elemental
  4108 | D:3      | Noticed an air elemental
  4111 | D:3      | Noticed a fire elemental
  4165 | D:4      | Noticed an ogre
  4170 | D:4      | Reached XP level 6. HP: 31/44 MP: 3/12
  4365 | D:4      | Noticed VDreamerV's ghost (novice OpTm)
  4592 | D:4      | Reached * piety under Kikubaaqudgha
  4592 | D:4      | Identified Kikubaaqudgha's Almanac of Evil Secrets (Kikubaaqudgha gifted it to you on level 4 of the Dungeon)
  4592 | D:4      | Received a gift from Kikubaaqudgha
  4689 | D:4      | Found a sparkling altar of Nemelex Xobeh.
  4730 | D:4      | Reached skill level 4 in Dodging
  4863 | D:4      | Reached XP level 7. HP: 49/52 MP: 8/13
  5106 | D:4      | Killed VDreamerV's ghost
  5132 | D:4      | Found an iron altar of Okawaru.
  5462 | D:5      | Entered Level 5 of the Dungeon
  5962 | D:5      | Found a sacrificial altar of Ru.
  5978 | D:5      | Found the +9 staff of Olgreb {rPois}
  5979 | D:5      | Found a runed gate.
  5983 | D:5      | Found a runed door.
  6065 | D:5      | Found a runed gate.
  6073 | D:5      | Found a runed gate.
  6082 | D:5      | Found a runed door.
  6089 | D:5      | Reached XP level 8. HP: 58/58 MP: 14/14
  6173 | D:5      | Noticed Ijyb
  6205 | D:5      | Killed Ijyb
  6312 | D:5      | Noticed VDreamerV's ghost (novice OpTm)
  6322 | D:5      | Killed VDreamerV's ghost
  6322 | D:5      | Reached ** piety under Kikubaaqudgha
  6322 | D:5      | Reached skill level 5 in Dodging
  6744 | D:5      | Reached skill level 6 in Dodging
  6991 | D:5      | Reached skill level 5 in Fighting
  7243 | D:6      | Found a blossoming altar of Fedhas.
  7412 | D:6      | Learned a level 2 spell: Blink
  7488 | D:6      | Noticed Edmund
  7515 | D:6      | Reached XP level 9. HP: 44/68 MP: 4/15
  7801 | D:6      | Reached skill level 7 in Dodging
  7855 | D:6      | Killed Edmund
  7861 | D:6      | Found a glowing silver altar of Zin.
  8324 | D:6      | Found a staircase to the Ecumenical Temple.
  8802 | D:7      | Reached *** piety under Kikubaaqudgha
  8802 | D:7      | Identified Kikubaaqudgha's Guide on Sinister Rites (Kikubaaqudgha gifted it to you on level 7 of the Dungeon)
  8802 | D:7      | Received a gift from Kikubaaqudgha
  8997 | D:7      | Found Vorrum's Distillery.
  9047 | D:7      | Reached skill level 8 in Dodging
  9524 | D:7      | Found an opulent altar of Gozag.
 10115 | D:8      | Got a crude quarterstaff
 10154 | D:8      | Reached skill level 9 in Dodging
 10269 | D:8      | Reached XP level 10. HP: 67/79 MP: 16/16
 10413 | D:8      | You fall through a shaft for 3 floors!
 10413 | D:11     | Noticed a two-headed ogre
 10442 | D:11     | HP: 2/79 [two-headed ogre/giant spiked club (22)]
 10461 | D:11     | Slain by a wight

Vault maps used:
D:1:      lightli_arrival_lavapool, grunt_decor_one_mirror
D:2:      lemuel_round_altar
D:3:      nicolae_qazlal_style_of_elements, lemuel_zombie_altar_yredelemnul,
          chequers_temple_overflow_statue_of_worship, first_ration,
          portal_sewer_entry_a
D:4:      cheibrodos_helix_gallery, nemelex_xobeh_ov_fountains_minmay,
          okawaru_altar_gauntlet_db
D:5:      nicolae_ru_awakened_eye, minmay_guarded_unrand_staff_of_olgreb,
          uniq_ijyb
D:6:      zin_academy, old_standard_altar, minmay_temple_entry_glassed_door,
          uniq_edmund
D:7:      old_standard_altar, serial_shops, shop
D:11:     kennysheep_orc_monster_closet_entryway, uniq_maurice
Sewer:    sewer_co_purgy_island

Skill      XL: |  1  2  3  4  5  6  7  8  9 |
---------------+----------------------------+-----
Conjurations   | 1 2 3 4 |  4.0
Dodging        | 2 3 4 6 9 |  9.2
Fighting       | 2 3 5 7 |  7.4
Necromancy     | 3 4 |  4.0
Stealth        | |  1.5
Spellcasting   | |  4.0
Summonings     | |  0.7
Translocations | |  0.7

Action                   |  1- 3 |  4- 6 |  7- 9 | 10-12 || total
-------------------------+-------+-------+-------+-------++-------
Melee: Unarmed           |     4 |       |       |       ||     4
       Staff             |       |       |   236 |    18 ||   254
 Fire: Hunting sling     |   143 |   275 |   196 |       ||   614
 Cast: Magic Dart        |    22 |    50 |     9 |       ||    81
       Call Imp          |     2 |     3 |    14 |       ||    19
       Conjure Flame     |       |     5 |     4 |       ||     9
       Mephitic Cloud    |       |     4 |    24 |     2 ||    30
       Blink             |       |       |       |     1 ||     1
  Use: Scroll            |     3 |     5 |     4 |     1 ||    13
 Stab: Confused          |       |       |     1 |       ||     1
       Sleeping          |       |       |     1 |       ||     1
Armor: Robe              |    19 |    56 |   110 |     6 ||   191
Dodge: Dodged            |    99 |   137 |   326 |    24 ||   586

Table legend:
 A = Spawn XP
 B = Non-spawn XP
 C = Spawn XP percentage of total XP
 D = Spawn monster count
 E = Non-spawn monster count
 F = Spawn count percentage of total count
 G = Total turns spent on level
                    A         B        C        D         E        F      G
               +---------+---------+-------+---------+---------+-------+---------
         Total |       0 |    5875 |   0.0 |       0 |     230 |   0.0 | 10461
               +---------+---------+-------+---------+---------+-------+---------
           D:1 |       0 |      42 |   0.0 |       0 |      25 |   0.0 |  1312
           D:2 |       0 |      87 |   0.0 |       0 |      35 |   0.0 |  1420
           D:3 |       0 |      51 |   0.0 |       0 |      17 |   0.0 |   908
           D:4 |       0 |     691 |   0.0 |       0 |      32 |   0.0 |  1271
           D:5 |       0 |    1456 |   0.0 |       0 |      41 |   0.0 |  1800
           D:6 |       0 |    1258 |   0.0 |       0 |      30 |   0.0 |  1778
           D:7 |       0 |    1143 |   0.0 |       0 |      26 |   0.0 |   647
           D:8 |       0 |     993 |   0.0 |       0 |      15 |   0.0 |   726
         Sewer |       0 |     154 |   0.0 |       0 |       9 |   0.0 |   551
               +---------+---------+-------+---------+---------+-------+---------
